 Dungeon Crawl Stone Soup version 0.23-a0-396-g5214e5f (webtiles) character file.

30 Cryolive the Digger (level 3, -3/20 HPs)
             Began as a Gargoyle Earth Elementalist on Nov 2, 2018.
             Slain by Sigmund
             ... wielding a cursed -1 scythe
              (9 damage)
             ... on level 2 of the Dungeon.
             The game lasted 00:01:26 (1074 turns).

Cryolive the Digger (Gargoyle Earth Elementalist)   Turns: 1074, Time: 00:01:26

Health: -3/20      AC:  5    Str: 11    XL:     3   Next: 18%
Magic:  0/6        EV: 14    Int: 16    God:
Gold:   32         SH:  0    Dex: 10    Spells: 2/6 levels left

rFire    . . .     SeeInvis .   a - +0 spear
rCold    . . .     Gourm    .   (no shield)
rNeg     + . .     Faith    .   c - +0 robe
rPois    ∞         Spirit   .   (no helmet)
rElec    +         Reflect  .   (no cloak)
rCorr    .         Harm     .   (no gloves)
MR       .....                  (no boots)
Stlth    ++........             (no amulet)
HPRegen  0.06/turn              g - +2 ring of evasion
MPRegen  0.10/turn              (no ring)

@: no status effects
A: negative energy resistance 1, electricity resistance, unbreathing,
petrification resistance, rot immunity, AC +3
a: no special abilities


You were on level 2 of the Dungeon.
You were hungry.

You visited 1 branch of the dungeon, and saw 2 of its levels.

You collected 32 gold pieces.

Inventory:

Hand Weapons
 a - a +0 spear (weapon)
Missiles
 b - 33 stones (quivered)
Armour
 c - a +0 robe (worn)
Jewellery
 g - a +2 ring of evasion (left hand)
Scrolls
 e - a scroll of blinking {unknown}
 h - a scroll of enchant armour {unknown}
 i - a scroll of immolation {unknown}
Potions
 f - a potion of brilliance {unknown}
 j - a potion of cancellation {unknown}
 k - a potion of might {unknown}
Comestibles
 d - a ration


   Skills:
 + Level 1.1 Fighting
 + Level 1.1 Armour
 + Level 1.9 Dodging
 - Level 2.1 Stealth
 + Level 2.3 Spellcasting
 + Level 0.0 Conjurations
   Level 0.7 Transmutations
 + Level 3.9 Earth Magic


You had 2 spell levels left.
You knew the following spells:

 Your Spells              Type           Power        Failure   Level  Hunger
a - Sandblast             Erth           ##....       4%          1    #......
b - Stone Arrow           Conj/Erth      #.....       26%         3    ###....

Your spell library contained the following spells:

 Spells                   Type           Power        Failure   Level  Hunger
 Passwall                 Tmut/Erth      #.......     12%         2    ###....
 Petrify                  Tmut/Erth      #.......     58%         4    #####..
 Lee's Rapid Deconstruct  Erth           ##........   73%         5    ######.


Dungeon Overview and Level Annotations

Branches:
Dungeon (2/15)

Altars:

Annotations:
D:2 Sigmund


Innate Abilities, Weirdness & Mutations

You are resistant to torment.
Your stone body is resilient. (AC +3)
You are immune to poison.
You resist negative energy. (rN+)
You are resistant to electric shocks. (rElec)
You can survive without breathing.
You are immune to petrification.
You are immune to rotting.


Message History

You are too injured to fight recklessly!
You are too injured to fight recklessly!
You are too injured to fight recklessly!
You are too injured to fight recklessly!
You are too injured to fight recklessly!
You are too injured to fight recklessly!
Casting: Sandblast (safe; 4% risk of failure)
Confirm with . or Enter, or press ? or * to list all spells.
You can't see any susceptible monsters within range! (Use Z to cast anyway.) Unknown command.
Casting: Sandblast (safe; 4% risk of failure)
Confirm with . or Enter, or press ? or * to list all spells.
Aiming: Stone Arrow (safe; 26% risk of failure)
Press: ? - help, Shift-Dir - straight line
Casting: Stone Arrow (safe; 26% risk of failure)
Confirm with . or Enter, or press ? or * to list all spells.
Aiming: Stone Arrow (safe; 26% risk of failure)
Press: ? - help, Shift-Dir - straight line Something hits you!
You die...

## #.#.........# ..
............###. .# ..
..........?.... .# ##.#
# #............. .##...
#.#..!.......... ##..#
................ ##.#
###(.##......{.....
#..##.... #.....@.......
.......####.............
...........†........<...
....#####...............
.....†.##.#.............
........................
....#...................
........................
...#####..#.........


There were no monsters in sight!

Vanquished Creatures
  An adder (D:2)
  A dart slug (D:1)
  3 bats
  5 goblins
  2 hobgoblins (D:1)
  2 kobolds (D:1)
  A frilled lizard (D:2)
  3 rats
18 creatures vanquished.

Notes
Turn   | Place    | Note
-------+----------+-------------------------------------------
     0 | D:1      | Cryolive the Gargoyle Earth Elementalist began the quest
                  | for the Orb.
     0 | D:1      | Reached XP level 1. HP: 10/10 MP: 3/3
   290 | D:1      | Reached XP level 2. HP: 14/16 MP: 5/5
   859 | D:2      | Reached skill level 1 in Fighting
   859 | D:2      | Reached skill level 1 in Armour
   859 | D:2      | Reached XP level 3. HP: 5/20 MP: 3/6
   864 | D:2      | Learned a level 3 spell: Stone Arrow
  1065 | D:2      | Noticed Sigmund
  1074 | D:2      | Slain by Sigmund

Vault maps used:
D:1:      kennysheep_arrival_seaside
D:2:      grunt_temple_overflow_magic_moments, uniq_sigmund

Skill      XL: |  1  2 |
---------------+-------+-----
Fighting       | 1 |  1.1
Armour         | 1 |  1.1
Dodging        | |  1.9
Stealth        | |  2.1
Spellcasting   | |  2.3
Transmutations | |  0.7
Earth Magic    | |  3.9

Action                   || total
-------------------------++-------
Melee: Spear             ||    82
 Cast: Sandblast         ||     2
       Stone Arrow       ||     2
 Stab: Sleeping          ||     1
Armor: Robe              ||    21
Dodge: Dodged            ||    50

Table legend:
 A = Non-vault XP
 B = Vault XP
 C = Vault XP percentage of total XP
 D = Non-vault monster count
 E = Vault monster count
 F = Vault count percentage of total count
                 A         B        C        D         E       F
            +---------+---------+-------+---------+---------+-------
      Total |      43 |       0 |   0.0 |      18 |       0 |   0.0
            +---------+---------+-------+---------+---------+-------
        D:1 |      22 |       0 |   0.0 |      11 |       0 |   0.0
        D:2 |      21 |       0 |   0.0 |       7 |       0 |   0.0
            +---------+---------+-------+---------+---------+-------
